Blue Jackets vs Devils

Created - 20 février 2018 at 15:55

Goals
1 2 3 OT1 SO T
Blue Jackets 1 0 1 0 2 3
Devils 2 0 0 0 1 2
Shots
1 2 3 OT1 SO T
Blue Jackets 9 10 7 3 4 29
Devils 14 9 8 7 4 38

1st period

1. Devils , Artemi Panarin 20 (Ryan Kesler 35, Rostislav Klesla 16) at 3:03 (PP)
2. Blue Jackets , Jarome Iginla 25 (James Wisniewski 35, Corey Locke 25) at 7:49
3. Devils , Artem Anisimov 6 (Michal Rozsival 20, Rostislav Klesla 17) at 17:24

Penalties :
James Wisniewski (CBJ) for Roughing (Minor) at 2:53, Dustin Penner (NJD) for Hooking (Minor) at 3:21, Artem Anisimov (NJD) for Interference (Minor) at 9:17, Nathan Oystrick (CBJ) for Tripping (Minor) at 12:00, Nathan Oystrick (CBJ) for Hooking (Minor) at 14:01

2nd period

No Goal

Penalties :
Nathan Oystrick (CBJ) for Tripping (Minor) at 0:19, Jarome Iginla (CBJ) for Diving (Minor) at 4:55, Micki Dupont (NJD) for Tripping (Minor) at 7:55, Yann Sauve (NJD) for Interference (Minor) at 9:15, Dennis Wideman (CBJ) for Roughing (Minor) at 16:54

3rd period

4. Blue Jackets , Corey Locke 18 (Jake Gardiner 15, Rick Nash 32) at 2:29 (PP)

Penalties :
Adam Berti (NJD) for Interference (Minor) at 0:39, Zdeno Chara (CBJ) for Holding (Minor) at 6:17, Nathan Oystrick (CBJ) for Hooking (Minor) at 10:44, Ryan O'Byrne (NJD) for Roughing (Minor) at 13:18

Overtime #1

No Goal

Penalties :
No Penalty

Shootout

Penalty Shot by Jarome Iginla for Blue Jackets - Shot Misses the Net
Penalty Shot by Adam Berti for Devils - Shot Misses the Net
Penalty Shot by Alexander Ovechkin for Blue Jackets - Stopped by Cody Rudkowsky
Penalty Shot by Nikolai Lemtyugov for Devils - Stopped by Gerald Coleman
Penalty Shot by Rick Nash for Blue Jackets - Goal!
Penalty Shot by Antoine Vermette for Devils - Goal!
Penalty Shot by Evander Kane for Blue Jackets - Goal!
Penalty Shot by Artemi Panarin for Devils - Shot Misses the Net

Penalties :
No Penalty

Goalie Stats

Gerald Coleman (CBJ), 36 saves from 38 shots - (0,947), W, 15-10-1, 65:00 minutes
Cody Rudkowsky (NJD), 27 saves from 29 shots - (0,931), OTL, 1-1-1, 65:00 minutes

Players Stats for Blue Jackets

Player Name              G  A  P  +/- PIM S  H  SB GA TA FO     MP     PP MP  PK MP  
------------------------------------------------------------------------------------
Alexander Ovechkin       0  0  0   0  0   1  0  0  0  0  4/8    20:49   4:57   0:48 
Andre Benoit             0  0  0   1  0   2  0  1  0  0  0/0    21:29   0:00   8:11 
Corey Locke              1  1  2   0  0   3  2  0  0  0  7/19   19:18   6:09   0:00 
Dennis Wideman           0  0  0  -1  2   0  5  3  0  0  0/0    22:19   6:38   2:30 
Derek Dorsett            0  0  0   0  0   2  4  0  0  0  2/4    19:13   0:00   8:16 
Evander Kane             0  0  0   0  0   4  1  2  0  0  15/28  16:56   4:57   0:00 
Jake Gardiner            0  1  1   0  0   1  0  2  0  0  0/0    17:45   6:38   0:07 
James Wisniewski         0  1  1   1  2   3  3  3  0  0  0/0    25:55   4:28   7:37 
Jarome Iginla            1  0  1   0  2   3  3  1  0  0  3/7    15:55   0:00   0:00 
Lukas Kaspar             0  0  0   0  0   0  0  0  0  0  1/2    18:06   4:57   0:00 
Matt Read                0  0  0   0  0   3  0  1  0  0  4/10   15:09   6:09   0:00 
Mike York                0  0  0   0  0   2  0  0  0  0  1/2     6:18   0:00   5:00 
Nathan Oystrick          0  0  0  -1  8   1  9  2  0  0  0/0    15:30   0:00   3:13 
Nick Bjugstad            0  0  0   0  0   0  0  0  0  0  0/0     0:00   0:00   0:00 
Rick Nash                0  1  1   0  0   2  1  0  0  0  4/12   27:01   6:09   6:57 
Sergei Samsonov          0  0  0   0  0   0  0  0  0  0  0/0     0:00   0:00   0:00 
Tomas Kopecky            0  0  0   0  0   1  0  1  0  0  5/11   17:11   0:00   7:05 
Zdeno Chara              0  0  0   0  2   1  7  2  0  0  0/0    21:55   4:28   6:28 

Players Stats for Devils

Player Name              G  A  P  +/- PIM S  H  SB GA TA FO     MP     PP MP  PK MP  
------------------------------------------------------------------------------------
Adam Berti               0  0  0   0  2   3  4  0  0  0  0/0    20:45   6:21   5:26 
Antoine Vermette         0  0  0   0  0   1  1  2  0  0  9/14   12:55   0:00   6:03 
Artem Anisimov           1  0  1   1  2   3  1  0  0  0  5/9     7:46   0:00   0:00 
Artemi Panarin           1  0  1  -1  0   6  0  0  0  0  0/2    20:20   7:42   0:39 
Auston Matthews          0  0  0   0  0   3  0  0  0  0  7/17    8:59   0:00   0:00 
Brandon Sutter           0  0  0   1  0   2  2  0  0  0  1/2     9:18   0:42   0:49 
Daniel Paille            0  0  0   1  0   0  2  0  0  0  3/5    18:13   5:39   4:47 
Dustin Penner            0  0  0  -1  2   0  7  0  0  0  2/4    22:15   7:42   0:46 
Michal Rozsival          0  1  1   0  0   0  2  2  0  0  0/0    24:44   7:27   4:37 
Michel Ouellet           0  0  0   0  0   1  0  0  0  0  1/1     6:52   0:00   0:00 
Micki Dupont             0  0  0   0  2   3  2  0  0  0  0/0    24:56   6:36   5:21 
Nikolai Lemtyugov        0  0  0   0  0   3  0  1  0  0  5/6    22:05   6:21   3:35 
Peter Holland            0  0  0   0  0   3  0  0  0  0  0/1     7:21   0:00   0:00 
Rostislav Klesla         0  2  2   0  0   3  0  2  0  0  0/0    25:06   7:27   6:09 
Ryan Kesler              0  1  1  -1  0   5  2  0  0  0  24/42  21:55   7:42   0:00 
Ryan O'Byrne             0  0  0   0  2   0  2  1  0  0  0/0    13:24   0:00   0:00 
Sami Vatanen             0  0  0   0  0   2  0  1  0  0  0/0    22:44   6:36   5:26 
Yann Sauve               0  0  0   0  2   0  0  0  0  0  0/0    13:31   0:00   0:06 

3 Stars

1 - Corey Locke (CBJ)
2 - Gerald Coleman (CBJ)
3 - Jarome Iginla (CBJ)

Power Play

Blue Jackets - 1 on 6 Attempt(s) - 16,67%
Devils - 1 on 8 Attempt(s) - 12,50%

Penalty Kill

Blue Jackets - 7 on 8 Attempt(s) - 87,50% - Score 0 goal in Penalty Kill
Devils - 5 on 6 Attempt(s) - 83,33% - Score 0 goal in Penalty Kill

Team Stat

Blue Jackets - Hits : 35 - Faceoff Wins : 46 - Blocked Shots : 18 - Penalty Minutes : 16
Devils - Hits : 25 - Faceoff Wins : 57 - Blocked Shots : 9 - Penalty Minutes : 12

Official

Referees : Jake Brenk and Pierre Lambert
Linesman : Leo Boylan and Don Henderson

Game Notes

No Game Note

Finance

Level 1 -- Attendance: 3487 (62,10%) -- Ticket Income 519 563 $
Level 2 -- Attendance: 4783 (95,66%) -- Ticket Income 320 461 $
Level 3 -- Attendance: 2000 (100,00%) -- Ticket Income 98 000 $
Level 4 -- Attendance: 2400 (60,00%) -- Ticket Income 115 200 $
Luxury Box -- Attendance: 981 (98,10%) -- Ticket Income 343 350 $
Game was played at the Prudential Center.
Total Attendance: 13651 (77,50%)
Total Ticket Income: 1 396 574 $
Other Income: 684 321 $
Total Income: 2 080 895 $

Blue Jackets

5 vs 5 Forward 
   Center                   Left Wing                Right Wing               Time % Phy DF OF 
 1 Evander Kane             Rick Nash                Alexander Ovechkin       35     0   0  5  
 2 Corey Locke              Lukas Kaspar             Jarome Iginla            35     0   0  5  
 3 Matt Read                Tomas Kopecky            Derek Dorsett            30     0   0  5  
 4 Evander Kane             Rick Nash                Alexander Ovechkin       0      1   2  2  

5 vs 5 Defense 
   Defense                  Defense                                           Time % Phy DF OF 
 1 James Wisniewski         Andre Benoit                                      35     0   0  5  
 2 Dennis Wideman           Nathan Oystrick                                   35     0   0  5  
 3 Jake Gardiner            Zdeno Chara                                       30     0   0  5  
 4 James Wisniewski         Andre Benoit                                      0      1   2  2  

PowerPlay Forward 
   Center                   Left Wing                Right Wing               Time % Phy DF OF 
 1 Corey Locke              Rick Nash                Matt Read                50     0   0  5  
 2 Evander Kane             Lukas Kaspar             Alexander Ovechkin       50     0   0  5  

PowerPlay Defense
   Defense                  Defense                                           Time % Phy DF OF 
 1 James Wisniewski         Zdeno Chara                                       50     0   0  5  
 2 Jake Gardiner            Dennis Wideman                                    50     0   0  5  

Penalty Kill 4 Players Forward 
   Center                   Wing                     Time % Phy DF OF 
 1 Tomas Kopecky            Derek Dorsett            50     0   5  0  
 2 Rick Nash                Derek Dorsett            50     0   5  0  

Penalty Kill 4 Players Defense
   Defense                  Defense                  Time % Phy DF OF 
 1 James Wisniewski         Andre Benoit             50     0   5  0  
 2 Zdeno Chara              Nathan Oystrick          50     0   5  0  

Penalty Kill - 3 Players Forward 
   Forward                                           Time % Phy DF OF 
 1 Jarome Iginla                                     60     1   2  2  
 2 Rick Nash                                         40     1   2  2  

Penalty Kill - 3 Players Defense
   Defense                  Defense                  Time % Phy DF OF 
 1 James Wisniewski         Andre Benoit             60     1   2  2  
 2 Jake Gardiner            Nathan Oystrick          40     1   2  2  

4 vs 4 Forward 
   Center                   Wing                     Time % Phy DF OF 
 1 Jarome Iginla            Matt Read                60     1   2  2  
 2 Rick Nash                Evander Kane             40     1   2  2  

4 vs 4 Defense
   Defense                  Defense                  Time % Phy DF OF 
 1 James Wisniewski         Andre Benoit             60     1   2  2  
 2 Jake Gardiner            Nathan Oystrick          40     1   2  2  

Last Minutes Offensive
   Center                   Left Wing                Right Wing               Defense                  Defense                  
   Evander Kane             Rick Nash                Jarome Iginla            James Wisniewski         Andre Benoit             

Last Minutes Defensive
   Center                   Left Wing                Right Wing               Defense                  Defense                  
   Evander Kane             Rick Nash                Jarome Iginla            James Wisniewski         Andre Benoit             

Goaltenders
Starting : Gerald Coleman           
Backup : Steve Mason              

Extra Forwards
Normal : Corey Locke, Matt Read, Mike York - PP : Corey Locke, Matt Read - PK : Mike York
Extra Defensemen
Normal : Jake Gardiner, James Wisniewski, Andre Benoit - PP : Jake Gardiner - PK : Andre Benoit, James Wisniewski
Penalty Shots
Jarome Iginla, Alexander Ovechkin, Rick Nash, Evander Kane, Derek Dorsett
Custom OT Lines Forwards
Jarome Iginla, Alexander Ovechkin, Rick Nash, Evander Kane, Derek Dorsett, Lukas Kaspar, Corey Locke, Matt Read, Mike York, 
Custom OT Lines Defensemen
James Wisniewski, Andre Benoit, Dennis Wideman, Nathan Oystrick, Jake Gardiner

Scratches
Damien Brunner (Herniated Disc Injury)

Devils

5 vs 5 Forward 
   Center                   Left Wing                Right Wing               Time % Phy DF OF 
 1 Ryan Kesler              Artemi Panarin           Dustin Penner            32     1   1  3  
 2 Auston Matthews          Adam Berti               Nikolai Lemtyugov        26     0   2  3  
 3 Artem Anisimov           Daniel Paille            Brandon Sutter           23     1   2  2  
 4 Antoine Vermette         Peter Holland            Michel Ouellet           19     1   2  2  

5 vs 5 Defense 
   Defense                  Defense                                           Time % Phy DF OF 
 1 Michal Rozsival          Rostislav Klesla                                  34     1   3  1  
 2 Micki Dupont             Sami Vatanen                                      34     0   3  2  
 3 Ryan O'Byrne             Yann Sauve                                        32     1   2  2  
 4 Rostislav Klesla         Micki Dupont                                      0      1   2  2  

PowerPlay Forward 
   Center                   Left Wing                Right Wing               Time % Phy DF OF 
 1 Daniel Paille            Adam Berti               Nikolai Lemtyugov        40     0   1  4  
 2 Ryan Kesler              Artemi Panarin           Dustin Penner            60     0   0  5  

PowerPlay Defense
   Defense                  Defense                                           Time % Phy DF OF 
 1 Michal Rozsival          Rostislav Klesla                                  54     0   2  3  
 2 Micki Dupont             Sami Vatanen                                      46     0   2  3  

Penalty Kill 4 Players Forward 
   Center                   Wing                     Time % Phy DF OF 
 1 Nikolai Lemtyugov        Daniel Paille            45     0   4  1  
 2 Antoine Vermette         Adam Berti               55     0   4  1  

Penalty Kill 4 Players Defense
   Defense                  Defense                  Time % Phy DF OF 
 1 Rostislav Klesla         Micki Dupont             60     0   5  0  
 2 Michal Rozsival          Sami Vatanen             40     0   5  0  

Penalty Kill - 3 Players Forward 
   Forward                                           Time % Phy DF OF 
 1 Nikolai Lemtyugov                                 40     0   5  0  
 2 Artemi Panarin                                    60     0   5  0  

Penalty Kill - 3 Players Defense
   Defense                  Defense                  Time % Phy DF OF 
 1 Micki Dupont             Rostislav Klesla         60     0   5  0  
 2 Adam Berti               Michal Rozsival          40     0   5  0  

4 vs 4 Forward 
   Center                   Wing                     Time % Phy DF OF 
 1 Adam Berti               Nikolai Lemtyugov        40     0   2  3  
 2 Daniel Paille            Artemi Panarin           60     0   2  3  

4 vs 4 Defense
   Defense                  Defense                  Time % Phy DF OF 
 1 Michal Rozsival          Rostislav Klesla         60     1   2  2  
 2 Micki Dupont             Yann Sauve               40     1   2  2  

Last Minutes Offensive
   Center                   Left Wing                Right Wing               Defense                  Defense                  
   Ryan Kesler              Artemi Panarin           Nikolai Lemtyugov        Yann Sauve               Michal Rozsival          

Last Minutes Defensive
   Center                   Left Wing                Right Wing               Defense                  Defense                  
   Ryan Kesler              Daniel Paille            Dustin Penner            Rostislav Klesla         Micki Dupont             

Goaltenders
Starting : Cody Rudkowsky           
Backup : Antti Niemi              

Extra Forwards
Normal : Artemi Panarin, Adam Berti, Nikolai Lemtyugov - PP : Artemi Panarin, Adam Berti - PK : Antoine Vermette
Extra Defensemen
Normal : Michal Rozsival, Adam Berti, Rostislav Klesla - PP : Rostislav Klesla - PK : Adam Berti, Micki Dupont
Penalty Shots
Adam Berti, Nikolai Lemtyugov, Antoine Vermette, Artemi Panarin, Michal Rozsival
Custom OT Lines Forwards
Ryan Kesler, Nikolai Lemtyugov, Dustin Penner, Peter Holland, Artemi Panarin, Adam Berti, Brandon Sutter, Antoine Vermette, Daniel Paille, Artem Anisimov
Custom OT Lines Defensemen
Michal Rozsival, Micki Dupont, Rostislav Klesla, Sami Vatanen, Adam Berti

Scratches
None


% Time on Ice - Blue Jackets

Lines # - Real PCT - Wanted PCT - Time Play
Normal Forward
1 - 33% - 35% - 11:36
2 - 38% - 35% - 13:09
3 - 29% - 30% - 10:06
4 - 0% - 0% - 0:00
Normal Defense
1 - 33% - 35% - 11:30
2 - 35% - 35% - 12:21
3 - 32% - 30% - 11:00
4 - 0% - 0% - 0:00
PP Forward
1 - 55% - 50% - 6:09
2 - 45% - 50% - 4:57
PP Defense
1 - 40% - 50% - 4:28
2 - 60% - 50% - 6:38
PK Forward
1 - 51% - 50% - 7:06
2 - 49% - 50% - 6:57
PK Defense
1 - 39% - 50% - 5:31
2 - 61% - 50% - 8:32
PK3 Forward
1 - 0% - 60%
2 - 0% - 40%
PK3 Defense
1 - 0% - 60%
2 - 0% - 40%
44 Forward
1 - 0% - 60%
2 - 0% - 40%
44 Defense
1 - 0% - 60%
2 - 0% - 40%
Last Minute Offensive  - 0:00
Last Minute Defensive  - 0:00
Total
Forward - 60:00
Defense - 60:00

% Time on Ice - Devils

Lines # - Real PCT - Wanted PCT - Time Play
Normal Forward
1 - 32% - 32% - 11:13
2 - 26% - 26% - 8:59
3 - 22% - 23% - 7:47
4 - 20% - 19% - 6:52
Normal Defense
1 - 31% - 34% - 10:44
2 - 31% - 34% - 10:42
3 - 38% - 32% - 13:25
4 - 0% - 0% - 0:00
PP Forward
1 - 45% - 40% - 6:21
2 - 55% - 60% - 7:42
PP Defense
1 - 53% - 54% - 7:27
2 - 47% - 46% - 6:36
PK Forward
1 - 34% - 45% - 3:35
2 - 66% - 55% - 6:52
PK Defense
1 - 57% - 60% - 5:59
2 - 43% - 40% - 4:28
PK3 Forward
1 - 0% - 40% - 0:00
2 - 100% - 60% - 0:39
PK3 Defense
1 - 69% - 60% - 0:27
2 - 31% - 40% - 0:12
44 Forward
1 - 0% - 40%
2 - 0% - 60%
44 Defense
1 - 0% - 60%
2 - 0% - 40%
Last Minute Offensive  - 0:00
Last Minute Defensive  - 0:00
Total
Forward - 60:00
Defense - 60:00

Play by Play

1st period


0:01 of 1st period - Evander Kane wins face-off versus Artemi Panarin in neutral zone.
0:06 of 1st period - Shot by Alexander Ovechkin.
0:06 of 1st period - Shot Blocked by Michal Rozsival.
0:08 of 1st period - Shot by James Wisniewski.
0:08 of 1st period - Shot Misses the Net.
0:10 of 1st period - Shot by Andre Benoit.
0:10 of 1st period - Shot Blocked by Michal Rozsival.
0:12 of 1st period - Shot by Andre Benoit.
0:12 of 1st period - Stopped by Cody Rudkowsky without a rebound.
0:13 of 1st period - Corey Locke wins face-off versus Auston Matthews in Devils zone.
0:22 of 1st period - Shot by Adam Berti.
0:22 of 1st period - Shot Misses the Net.
0:34 of 1st period - Shot by Auston Matthews.
0:34 of 1st period - Stopped by Gerald Coleman with a rebound.
0:40 of 1st period - Shot by Nikolai Lemtyugov.
0:40 of 1st period - Shot Misses the Net.
0:44 of 1st period - Shot by Adam Berti.
0:44 of 1st period - Shot Blocked by Dennis Wideman.
0:46 of 1st period - Shot by Adam Berti.
0:46 of 1st period - Shot Misses the Net.
0:50 of 1st period - Shot by Auston Matthews.
0:50 of 1st period - Shot Misses the Net.
0:54 of 1st period - Shot by Sami Vatanen.
0:54 of 1st period - Shot Misses the Net.
0:56 of 1st period - Shot by Micki Dupont.
0:56 of 1st period - Shot Misses the Net.
2:10 of 1st period - Shot by Ryan Kesler.
2:10 of 1st period - Shot Misses the Net.
2:12 of 1st period - Shot by Rostislav Klesla.
2:12 of 1st period - Deflect By Ryan Kesler.
2:12 of 1st period - Shot Blocked by Zdeno Chara.
2:27 of 1st period - Off-side.
2:28 of 1st period - Antoine Vermette wins face-off versus Evander Kane in neutral zone.
2:46 of 1st period - Shot by Micki Dupont.
2:46 of 1st period - Shot Blocked by James Wisniewski.
2:53 of 1st period - Minor Penalty to James Wisniewski for Roughing.
2:54 of 1st period - Ryan Kesler wins face-off versus Rick Nash in Blue Jackets zone.
2:56 of 1st period - Artemi Panarin is hit by Dennis Wideman and loses puck.
3:03 of 1st period - Shot by Artemi Panarin.
3:03 of 1st period - Goal by Artemi Panarin - Blue Jackets : 0 - Devils : 1.
3:04 of 1st period - Ryan Kesler wins face-off versus Corey Locke in neutral zone.
3:13 of 1st period - Lukas Kaspar is hit by Dustin Penner and loses puck.
3:21 of 1st period - Minor Penalty to Dustin Penner for Hooking.
3:22 of 1st period - Evander Kane wins face-off versus Antoine Vermette in Devils zone.
3:23 of 1st period - Shot by Zdeno Chara.
3:23 of 1st period - Deflect By Alexander Ovechkin.
3:23 of 1st period - Shot Misses the Net.
4:03 of 1st period - Shot by Zdeno Chara.
4:03 of 1st period - Stopped by Cody Rudkowsky without a rebound.
4:04 of 1st period - Nikolai Lemtyugov wins face-off versus Corey Locke in Devils zone.
4:33 of 1st period - Shot by Rick Nash.
4:33 of 1st period - Stopped by Cody Rudkowsky with a rebound.
5:25 of 1st period - Off-side.
5:26 of 1st period - Mike York wins face-off versus Ryan Kesler in neutral zone.
5:28 of 1st period - James Wisniewski is hit by Dustin Penner and loses puck.
5:39 of 1st period - Shot by Ryan O'Byrne.
5:39 of 1st period - Shot Blocked by Tomas Kopecky.
5:41 of 1st period - Shot by Ryan Kesler.
5:41 of 1st period - Stopped by Gerald Coleman without a rebound.
5:42 of 1st period - Artem Anisimov wins face-off versus Evander Kane in Blue Jackets zone.
6:05 of 1st period - Shot by Brandon Sutter.
6:05 of 1st period - Shot Misses the Net.
6:07 of 1st period - Shot by Daniel Paille.
6:07 of 1st period - Shot Misses the Net.
6:09 of 1st period - Shot by Artem Anisimov.
6:09 of 1st period - Stopped by Gerald Coleman without a rebound.
6:10 of 1st period - Corey Locke wins face-off versus Auston Matthews in Blue Jackets zone.
6:31 of 1st period - Shot by Nikolai Lemtyugov.
6:31 of 1st period - Shot Misses the Net.
6:33 of 1st period - Shot by Auston Matthews.
6:33 of 1st period - Stopped by Gerald Coleman without a rebound.
6:34 of 1st period - Matt Read wins face-off versus Antoine Vermette in Blue Jackets zone.
7:49 of 1st period - Shot by Jarome Iginla.
7:49 of 1st period - Goal by Jarome Iginla - Blue Jackets : 1 - Devils : 1.
7:50 of 1st period - Alexander Ovechkin wins face-off versus Auston Matthews in neutral zone.
7:53 of 1st period - Shot by Rick Nash.
7:53 of 1st period - Shot Misses the Net.
7:55 of 1st period - Shot by Evander Kane.
7:55 of 1st period - Stopped by Cody Rudkowsky without a rebound.
7:56 of 1st period - Evander Kane wins face-off versus Ryan Kesler in Devils zone.
8:10 of 1st period - Artemi Panarin is hit by Nathan Oystrick and loses puck.
8:19 of 1st period - Shot by Ryan Kesler.
8:19 of 1st period - Deflect By Artemi Panarin.
8:19 of 1st period - Shot Misses the Net.
8:21 of 1st period - Shot by Dustin Penner.
8:21 of 1st period - Shot Misses the Net.
8:27 of 1st period - Shot by Ryan Kesler.
8:27 of 1st period - Stopped by Gerald Coleman with a rebound.
8:31 of 1st period - Shot by Artemi Panarin.
8:31 of 1st period - Shot Misses the Net.
8:33 of 1st period - Shot by Rostislav Klesla.
8:33 of 1st period - Stopped by Gerald Coleman without a rebound.
8:34 of 1st period - Corey Locke wins face-off versus Auston Matthews in Blue Jackets zone.
9:15 of 1st period - Shot by Nikolai Lemtyugov.
9:15 of 1st period - Deflect By Auston Matthews.
9:15 of 1st period - Stopped by Gerald Coleman without a rebound.
9:16 of 1st period - Evander Kane wins face-off versus Artem Anisimov in Blue Jackets zone.
9:16 of 1st period - Evander Kane is hit by Artem Anisimov.
9:17 of 1st period - Minor Penalty to Artem Anisimov for Interference.
9:18 of 1st period - Antoine Vermette wins face-off versus Lukas Kaspar in Devils zone.
9:25 of 1st period - Shot by Adam Berti.
9:25 of 1st period - Stopped by Gerald Coleman without a rebound.
9:26 of 1st period - Antoine Vermette wins face-off versus Corey Locke in Blue Jackets zone.
9:44 of 1st period - Shot by Antoine Vermette.
9:44 of 1st period - Shot Blocked by Jake Gardiner.
10:51 of 1st period - Icing by Jake Gardiner.
10:52 of 1st period - Corey Locke wins face-off versus Antoine Vermette in Blue Jackets zone.
10:52 of 1st period - Corey Locke is hit by Antoine Vermette.
11:07 of 1st period - Icing by Zdeno Chara.
11:08 of 1st period - Nikolai Lemtyugov wins face-off versus Evander Kane in Blue Jackets zone.
11:08 of 1st period - Nikolai Lemtyugov is hit by Zdeno Chara.
11:13 of 1st period - Nikolai Lemtyugov is hit by Zdeno Chara and loses puck.
11:20 of 1st period - Shot by Derek Dorsett.
11:20 of 1st period - Deflect By Mike York.
11:20 of 1st period - Stopped by Cody Rudkowsky without a rebound.
11:21 of 1st period - Evander Kane wins face-off versus Ryan Kesler in Devils zone.
11:26 of 1st period - Shot by Mike York.
11:26 of 1st period - Stopped by Cody Rudkowsky with a rebound.
11:28 of 1st period - Shot by Andre Benoit.
11:28 of 1st period - Shot Blocked by Ryan O'Byrne.
11:30 of 1st period - Shot by Andre Benoit.
11:30 of 1st period - Shot Misses the Net.
11:32 of 1st period - Shot by Evander Kane.
11:32 of 1st period - Stopped by Cody Rudkowsky without a rebound.
11:33 of 1st period - Michel Ouellet wins face-off versus Mike York in Devils zone.
11:37 of 1st period - Michal Rozsival is hit by Derek Dorsett and loses puck.
11:52 of 1st period - Shot by Antoine Vermette.
11:52 of 1st period - Deflect By Peter Holland.
11:52 of 1st period - Stopped by Gerald Coleman without a rebound.
11:53 of 1st period - Rick Nash wins face-off versus Ryan Kesler in Blue Jackets zone.
11:53 of 1st period - Rick Nash is hit by Ryan Kesler.
12:00 of 1st period - Minor Penalty to Nathan Oystrick for Tripping.
12:01 of 1st period - Ryan Kesler wins face-off versus Tomas Kopecky in Blue Jackets zone.
13:28 of 1st period - Shot by Nikolai Lemtyugov.
13:28 of 1st period - Shot Blocked by Zdeno Chara.
13:30 of 1st period - Shot by Sami Vatanen.
13:30 of 1st period - Shot Blocked by Dennis Wideman.
13:48 of 1st period - Shot by Artemi Panarin.
13:48 of 1st period - Stopped by Gerald Coleman without a rebound.
13:49 of 1st period - Ryan Kesler wins face-off versus Rick Nash in Blue Jackets zone.
14:01 of 1st period - Minor Penalty to Nathan Oystrick for Hooking.
14:02 of 1st period - Daniel Paille wins face-off versus Tomas Kopecky in Blue Jackets zone.
14:57 of 1st period - Derek Dorsett is hit by Ryan Kesler.
15:41 of 1st period - Shot by Micki Dupont.
15:41 of 1st period - Shot Misses the Net.
15:43 of 1st period - Shot by Sami Vatanen.
15:43 of 1st period - Stopped by Gerald Coleman with a rebound.
15:45 of 1st period - Shot by Sami Vatanen.
15:45 of 1st period - Shot Blocked by Dennis Wideman.
15:47 of 1st period - Shot by Brandon Sutter.
15:47 of 1st period - Stopped by Gerald Coleman without a rebound.
15:48 of 1st period - Rick Nash wins face-off versus Ryan Kesler in Blue Jackets zone.
16:06 of 1st period - Peter Holland is hit by Dennis Wideman and loses puck.
16:10 of 1st period - Michel Ouellet is hit by Nathan Oystrick and loses puck.
16:59 of 1st period - Daniel Paille is hit by Jarome Iginla and loses puck.
17:11 of 1st period - Nathan Oystrick is hit by Michal Rozsival and loses puck.
17:18 of 1st period - Shot by Daniel Paille.
17:18 of 1st period - Shot Misses the Net.
17:24 of 1st period - Shot by Artem Anisimov.
17:24 of 1st period - Goal by Artem Anisimov - Blue Jackets : 1 - Devils : 2.
17:25 of 1st period - Ryan Kesler wins face-off versus Rick Nash in neutral zone.
17:32 of 1st period - Rick Nash is hit by Dustin Penner and loses puck.
18:24 of 1st period - Icing by Adam Berti.
18:25 of 1st period - Matt Read wins face-off versus Auston Matthews in Devils zone.
18:43 of 1st period - Tomas Kopecky is hit by Ryan O'Byrne and loses puck.
19:00 of 1st period - Shot by James Wisniewski.
19:00 of 1st period - Deflect By Matt Read.
19:00 of 1st period - Stopped by Cody Rudkowsky without a rebound.
19:01 of 1st period - Brandon Sutter wins face-off versus Corey Locke in Devils zone.
19:26 of 1st period - Daniel Paille is hit by Zdeno Chara and loses puck.
Goals for this period are 1 for Blue Jackets vs 2 for Devils.
Shots for this period are 9 for Blue Jackets vs 14 for Devils.

2nd period


0:01 of 2nd period - Ryan Kesler wins face-off versus Evander Kane in neutral zone.
0:04 of 2nd period - Shot by Ryan Kesler.
0:04 of 2nd period - Shot Blocked by Nathan Oystrick.
0:19 of 2nd period - Minor Penalty to Nathan Oystrick for Tripping.
0:20 of 2nd period - Daniel Paille wins face-off versus Tomas Kopecky in Blue Jackets zone.
0:23 of 2nd period - Shot by Daniel Paille.
0:23 of 2nd period - Shot Blocked by James Wisniewski.
0:47 of 2nd period - Shot by Adam Berti.
0:47 of 2nd period - Stopped by Gerald Coleman without a rebound.
0:48 of 2nd period - Tomas Kopecky wins face-off versus Ryan Kesler in Blue Jackets zone.
2:25 of 2nd period - Antoine Vermette is hit by Nathan Oystrick and loses puck.
2:29 of 2nd period - Peter Holland is hit by Dennis Wideman and loses puck.
2:36 of 2nd period - Shot by Michel Ouellet.
2:36 of 2nd period - Stopped by Gerald Coleman without a rebound.
2:37 of 2nd period - Artem Anisimov wins face-off versus Corey Locke in Blue Jackets zone.
2:50 of 2nd period - Shot by Corey Locke.
2:50 of 2nd period - Stopped by Cody Rudkowsky without a rebound.
2:51 of 2nd period - Auston Matthews wins face-off versus Evander Kane in Devils zone.
2:53 of 2nd period - Icing by Nikolai Lemtyugov.
2:54 of 2nd period - Derek Dorsett wins face-off versus Auston Matthews in Devils zone.
3:07 of 2nd period - Shot by Derek Dorsett.
3:07 of 2nd period - Stopped by Cody Rudkowsky with a rebound.
3:09 of 2nd period - Shot by Tomas Kopecky.
3:09 of 2nd period - Stopped by Cody Rudkowsky without a rebound.
3:10 of 2nd period - Ryan Kesler wins face-off versus Evander Kane in Devils zone.
3:26 of 2nd period - Sami Vatanen is hit by Nathan Oystrick.
3:37 of 2nd period - Icing by Dennis Wideman.
3:38 of 2nd period - Auston Matthews wins face-off versus Evander Kane in Blue Jackets zone.
3:38 of 2nd period - Auston Matthews is hit by Nathan Oystrick.
3:40 of 2nd period - Shot by Adam Berti.
3:40 of 2nd period - Shot Blocked by Evander Kane.
3:42 of 2nd period - Shot by Nikolai Lemtyugov.
3:42 of 2nd period - Shot Misses the Net.
3:44 of 2nd period - Shot by Rostislav Klesla.
3:44 of 2nd period - Shot Misses the Net.
3:53 of 2nd period - Icing by Nathan Oystrick.
3:54 of 2nd period - Evander Kane wins face-off versus Artem Anisimov in Blue Jackets zone.
4:23 of 2nd period - Andre Benoit is hit by Daniel Paille and loses puck.
4:42 of 2nd period - Shot by Derek Dorsett.
4:42 of 2nd period - Shot Misses the Net.
4:44 of 2nd period - Shot by James Wisniewski.
4:44 of 2nd period - Stopped by Cody Rudkowsky with a rebound.
4:46 of 2nd period - Shot by Derek Dorsett.
4:46 of 2nd period - Deflect By Matt Read.
4:46 of 2nd period - Stopped by Cody Rudkowsky without a rebound.
4:47 of 2nd period - Corey Locke wins face-off versus Ryan Kesler in Devils zone.
4:50 of 2nd period - Shot by Jarome Iginla.
4:50 of 2nd period - Shot Blocked by Sami Vatanen.
4:55 of 2nd period - Minor Penalty to Jarome Iginla for Diving.
4:56 of 2nd period - Tomas Kopecky wins face-off versus Ryan Kesler in Blue Jackets zone.
4:56 of 2nd period - Tomas Kopecky is hit by Dustin Penner.
5:06 of 2nd period - Derek Dorsett is hit by Dustin Penner and loses puck.
5:21 of 2nd period - Shot by Artemi Panarin.
5:21 of 2nd period - Stopped by Gerald Coleman without a rebound.
5:22 of 2nd period - Tomas Kopecky wins face-off versus Daniel Paille in Blue Jackets zone.
6:00 of 2nd period - Shot by Sami Vatanen.
6:00 of 2nd period - Shot Misses the Net.
6:57 of 2nd period - Shot by Jarome Iginla.
6:57 of 2nd period - Stopped by Cody Rudkowsky without a rebound.
6:58 of 2nd period - Corey Locke wins face-off versus Antoine Vermette in Devils zone.
7:11 of 2nd period - Shot by Yann Sauve.
7:11 of 2nd period - Shot Misses the Net.
7:39 of 2nd period - Shot by Jarome Iginla.
7:39 of 2nd period - Shot Blocked by Antoine Vermette.
7:44 of 2nd period - Off-side.
7:45 of 2nd period - Rick Nash wins face-off versus Auston Matthews in neutral zone.
7:50 of 2nd period - Shot by Evander Kane.
7:50 of 2nd period - Shot Misses the Net.
7:52 of 2nd period - Shot by Evander Kane.
7:52 of 2nd period - Shot Misses the Net.
7:55 of 2nd period - Minor Penalty to Micki Dupont for Tripping.
7:56 of 2nd period - Antoine Vermette wins face-off versus Evander Kane in Devils zone.
8:27 of 2nd period - Shot by Alexander Ovechkin.
8:27 of 2nd period - Shot Misses the Net.
8:31 of 2nd period - Shot by Evander Kane.
8:31 of 2nd period - Shot Blocked by Rostislav Klesla.
8:41 of 2nd period - Shot by James Wisniewski.
8:41 of 2nd period - Stopped by Cody Rudkowsky without a rebound.
8:42 of 2nd period - Nikolai Lemtyugov wins face-off versus Corey Locke in Devils zone.
8:48 of 2nd period - Icing by Rick Nash.
8:49 of 2nd period - Nikolai Lemtyugov wins face-off versus Rick Nash in Blue Jackets zone.
8:49 of 2nd period - Sami Vatanen is hit by Zdeno Chara and loses puck.
9:04 of 2nd period - Shot by Matt Read.
9:04 of 2nd period - Shot Misses the Net.
9:14 of 2nd period - Shot by James Wisniewski.
9:14 of 2nd period - Shot Misses the Net.
9:15 of 2nd period - Minor Penalty to Yann Sauve for Interference.
9:16 of 2nd period - Evander Kane wins face-off versus Artemi Panarin in Devils zone.
10:07 of 2nd period - Daniel Paille is hit by Rick Nash and loses puck.
10:25 of 2nd period - Rick Nash is hit by Micki Dupont and loses puck.
11:11 of 2nd period - Jake Gardiner is hit by Daniel Paille and loses puck.
11:21 of 2nd period - Icing by Dustin Penner.
11:22 of 2nd period - Matt Read wins face-off versus Ryan Kesler in Devils zone.
11:38 of 2nd period - Shot by Artemi Panarin.
11:38 of 2nd period - Deflect By Dustin Penner.
11:38 of 2nd period - Shot Misses the Net.
12:06 of 2nd period - Shot by Corey Locke.
12:06 of 2nd period - Stopped by Cody Rudkowsky with a rebound.
12:46 of 2nd period - Shot by Brandon Sutter.
12:46 of 2nd period - Stopped by Gerald Coleman without a rebound.
12:47 of 2nd period - Antoine Vermette wins face-off versus Evander Kane in Blue Jackets zone.
12:54 of 2nd period - Shot by Peter Holland.
12:54 of 2nd period - Stopped by Gerald Coleman without a rebound.
12:55 of 2nd period - Auston Matthews wins face-off versus Evander Kane in Blue Jackets zone.
12:58 of 2nd period - Shot by Adam Berti.
12:58 of 2nd period - Shot Misses the Net.
14:06 of 2nd period - Shot by Nathan Oystrick.
14:06 of 2nd period - Stopped by Cody Rudkowsky without a rebound.
14:07 of 2nd period - Ryan Kesler wins face-off versus Corey Locke in Devils zone.
14:07 of 2nd period - Ryan Kesler is hit by Corey Locke.
14:16 of 2nd period - Shot by Dustin Penner.
14:16 of 2nd period - Shot Blocked by James Wisniewski.
14:18 of 2nd period - Shot by Dustin Penner.
14:18 of 2nd period - Shot Misses the Net.
14:20 of 2nd period - Shot by Dustin Penner.
14:20 of 2nd period - Deflect By Artemi Panarin.
14:20 of 2nd period - Stopped by Gerald Coleman without a rebound.
14:21 of 2nd period - Artem Anisimov wins face-off versus Matt Read in Blue Jackets zone.
14:27 of 2nd period - Brandon Sutter is hit by Nathan Oystrick.
14:55 of 2nd period - Dennis Wideman is hit by Brandon Sutter and loses puck.
16:38 of 2nd period - Off-side.
16:39 of 2nd period - Auston Matthews wins face-off versus Tomas Kopecky in neutral zone.
16:53 of 2nd period - Auston Matthews is hit by Nathan Oystrick and loses puck.
16:54 of 2nd period - Minor Penalty to Dennis Wideman for Roughing.
16:55 of 2nd period - Daniel Paille wins face-off versus Rick Nash in Blue Jackets zone.
17:24 of 2nd period - Shot by Sami Vatanen.
17:24 of 2nd period - Shot Misses the Net.
18:17 of 2nd period - Shot by Artemi Panarin.
18:17 of 2nd period - Stopped by Gerald Coleman without a rebound.
18:18 of 2nd period - Rick Nash wins face-off versus Ryan Kesler in Blue Jackets zone.
18:39 of 2nd period - Shot by Ryan Kesler.
18:39 of 2nd period - Shot Misses the Net.
18:41 of 2nd period - Shot by Rostislav Klesla.
18:41 of 2nd period - Stopped by Gerald Coleman without a rebound.
18:42 of 2nd period - Derek Dorsett wins face-off versus Brandon Sutter in Blue Jackets zone.
18:42 of 2nd period - Rick Nash is hit by Adam Berti and loses puck.
18:57 of 2nd period - Shot by Peter Holland.
18:57 of 2nd period - Deflect By Michel Ouellet.
18:57 of 2nd period - Shot Misses the Net.
19:29 of 2nd period - Michel Ouellet is hit by Jarome Iginla and loses puck.
19:34 of 2nd period - Shot by Jarome Iginla.
19:34 of 2nd period - Stopped by Cody Rudkowsky without a rebound.
19:35 of 2nd period - Evander Kane wins face-off versus Auston Matthews in Devils zone.
19:57 of 2nd period - Shot by Sami Vatanen.
19:57 of 2nd period - Stopped by Gerald Coleman without a rebound.
19:58 of 2nd period - Matt Read wins face-off versus Ryan Kesler in Blue Jackets zone.
Goals for this period are 0 for Blue Jackets vs 0 for Devils.
Shots for this period are 10 for Blue Jackets vs 9 for Devils.

3rd period


0:01 of 3rd period - Ryan Kesler wins face-off versus Evander Kane in neutral zone.
0:08 of 3rd period - Shot by Artemi Panarin.
0:08 of 3rd period - Shot Blocked by Evander Kane.
0:11 of 3rd period - Icing by Andre Benoit.
0:12 of 3rd period - Evander Kane wins face-off versus Auston Matthews in Blue Jackets zone.
0:12 of 3rd period - Rick Nash is hit by Adam Berti and loses puck.
0:34 of 3rd period - Andre Benoit is hit by Adam Berti and loses puck.
0:39 of 3rd period - Minor Penalty to Adam Berti for Interference.
0:40 of 3rd period - Antoine Vermette wins face-off versus Corey Locke in Devils zone.
0:40 of 3rd period - Antoine Vermette is hit by Corey Locke.
1:06 of 3rd period - Shot by Jake Gardiner.
1:06 of 3rd period - Stopped by Cody Rudkowsky without a rebound.
1:07 of 3rd period - Evander Kane wins face-off versus Antoine Vermette in Devils zone.
1:20 of 3rd period - Shot by Zdeno Chara.
1:20 of 3rd period - Shot Blocked by Antoine Vermette.
1:39 of 3rd period - Shot by Alexander Ovechkin.
1:39 of 3rd period - Shot Misses the Net.
2:13 of 3rd period - Shot by Dennis Wideman.
2:13 of 3rd period - Shot Blocked by Rostislav Klesla.
2:15 of 3rd period - Shot by Jake Gardiner.
2:15 of 3rd period - Shot Misses the Net.
2:21 of 3rd period - Shot by Jake Gardiner.
2:21 of 3rd period - Shot Misses the Net.
2:23 of 3rd period - Shot by Matt Read.
2:23 of 3rd period - Shot Misses the Net.
2:25 of 3rd period - Shot by Rick Nash.
2:25 of 3rd period - Shot Misses the Net.
2:27 of 3rd period - Shot by Jake Gardiner.
2:27 of 3rd period - Shot Misses the Net.
2:29 of 3rd period - Shot by Corey Locke.
2:29 of 3rd period - Goal by Corey Locke - Blue Jackets : 2 - Devils : 2.
2:30 of 3rd period - Auston Matthews wins face-off versus Matt Read in neutral zone.
2:42 of 3rd period - Nikolai Lemtyugov is hit by James Wisniewski and loses puck.
2:50 of 3rd period - Nikolai Lemtyugov is hit by James Wisniewski and loses puck.
2:53 of 3rd period - Shot by Adam Berti.
2:53 of 3rd period - Stopped by Gerald Coleman without a rebound.
2:54 of 3rd period - Antoine Vermette wins face-off versus Corey Locke in Blue Jackets zone.
2:54 of 3rd period - Antoine Vermette is hit by Nathan Oystrick.
3:10 of 3rd period - Icing by Michal Rozsival.
3:11 of 3rd period - Antoine Vermette wins face-off versus Evander Kane in Devils zone.
3:17 of 3rd period - Michel Ouellet is hit by Zdeno Chara and loses puck.
3:25 of 3rd period - Peter Holland is hit by Zdeno Chara.
3:51 of 3rd period - Icing by Zdeno Chara.
3:52 of 3rd period - Evander Kane wins face-off versus Ryan Kesler in Blue Jackets zone.
3:52 of 3rd period - Evander Kane is hit by Dustin Penner.
4:05 of 3rd period - Icing by Micki Dupont.
4:06 of 3rd period - Ryan Kesler wins face-off versus Corey Locke in Devils zone.
4:50 of 3rd period - Icing by Sami Vatanen.
4:51 of 3rd period - Ryan Kesler wins face-off versus Matt Read in Devils zone.
4:51 of 3rd period - Artemi Panarin is hit by Derek Dorsett and loses puck.
5:03 of 3rd period - Icing by Andre Benoit.
5:04 of 3rd period - Auston Matthews wins face-off versus Matt Read in Blue Jackets zone.
5:05 of 3rd period - Shot by Nikolai Lemtyugov.
5:05 of 3rd period - Shot Blocked by Matt Read.
5:10 of 3rd period - James Wisniewski is hit by Michal Rozsival and loses puck.
5:37 of 3rd period - Shot by Matt Read.
5:37 of 3rd period - Shot Blocked by Nikolai Lemtyugov.
5:39 of 3rd period - Shot by Derek Dorsett.
5:39 of 3rd period - Stopped by Cody Rudkowsky without a rebound.
5:40 of 3rd period - Artem Anisimov wins face-off versus Evander Kane in Devils zone.
5:53 of 3rd period - Shot by Artem Anisimov.
5:53 of 3rd period - Shot Blocked by Nathan Oystrick.
6:10 of 3rd period - Icing by Yann Sauve.
6:11 of 3rd period - Lukas Kaspar wins face-off versus Artem Anisimov in Devils zone.
6:11 of 3rd period - Jarome Iginla is hit by Ryan O'Byrne and loses puck.
6:17 of 3rd period - Minor Penalty to Zdeno Chara for Holding.
6:18 of 3rd period - Tomas Kopecky wins face-off versus Ryan Kesler in Blue Jackets zone.
6:28 of 3rd period - Icing by Michal Rozsival.
6:29 of 3rd period - Ryan Kesler wins face-off versus Rick Nash in Devils zone.
6:29 of 3rd period - Ryan Kesler is hit by Derek Dorsett.
6:38 of 3rd period - Artemi Panarin is hit by Nathan Oystrick and loses puck.
7:01 of 3rd period - Ryan Kesler is hit by Derek Dorsett and loses puck.
7:23 of 3rd period - Nathan Oystrick is hit by Dustin Penner and loses puck.
7:50 of 3rd period - Shot by Micki Dupont.
7:50 of 3rd period - Stopped by Gerald Coleman without a rebound.
7:51 of 3rd period - Nikolai Lemtyugov wins face-off versus Tomas Kopecky in Blue Jackets zone.
8:26 of 3rd period - Shot by Peter Holland.
8:26 of 3rd period - Shot Blocked by Jake Gardiner.
8:28 of 3rd period - Shot by Antoine Vermette.
8:28 of 3rd period - Stopped by Gerald Coleman with a rebound.
8:32 of 3rd period - Shot by Peter Holland.
8:32 of 3rd period - Shot Misses the Net.
8:53 of 3rd period - Shot by Peter Holland.
8:53 of 3rd period - Shot Misses the Net.
9:45 of 3rd period - Shot by Evander Kane.
9:45 of 3rd period - Stopped by Cody Rudkowsky without a rebound.
9:46 of 3rd period - Evander Kane wins face-off versus Auston Matthews in Devils zone.
9:58 of 3rd period - Nikolai Lemtyugov is hit by Dennis Wideman and loses puck.
10:40 of 3rd period - Daniel Paille is hit by Dennis Wideman and loses puck.
10:44 of 3rd period - Minor Penalty to Nathan Oystrick for Hooking.
10:45 of 3rd period - Ryan Kesler wins face-off versus Tomas Kopecky in Blue Jackets zone.
10:45 of 3rd period - Ryan Kesler is hit by James Wisniewski.
10:47 of 3rd period - Shot by Artemi Panarin.
10:47 of 3rd period - Stopped by Gerald Coleman without a rebound.
10:48 of 3rd period - Ryan Kesler wins face-off versus Derek Dorsett in Blue Jackets zone.
11:05 of 3rd period - Shot by Michal Rozsival.
11:05 of 3rd period - Shot Misses the Net.
11:07 of 3rd period - Shot by Rostislav Klesla.
11:07 of 3rd period - Stopped by Gerald Coleman without a rebound.
11:08 of 3rd period - Tomas Kopecky wins face-off versus Daniel Paille in Blue Jackets zone.
11:48 of 3rd period - Sami Vatanen is hit by Zdeno Chara and loses puck.
12:02 of 3rd period - Icing by Artemi Panarin.
12:03 of 3rd period - Ryan Kesler wins face-off versus Rick Nash in Devils zone.
13:07 of 3rd period - Shot by Corey Locke.
13:07 of 3rd period - Shot Misses the Net.
13:18 of 3rd period - Minor Penalty to Ryan O'Byrne for Roughing.
13:19 of 3rd period - Evander Kane wins face-off versus Nikolai Lemtyugov in Devils zone.
15:08 of 3rd period - Icing by Corey Locke.
15:09 of 3rd period - Antoine Vermette wins face-off versus Corey Locke in Blue Jackets zone.
15:34 of 3rd period - Shot by Artemi Panarin.
15:34 of 3rd period - Shot Misses the Net.
15:36 of 3rd period - Shot by Dustin Penner.
15:36 of 3rd period - Deflect By Artemi Panarin.
15:36 of 3rd period - Shot Misses the Net.
15:38 of 3rd period - Shot by Ryan Kesler.
15:38 of 3rd period - Stopped by Gerald Coleman without a rebound.
15:39 of 3rd period - Evander Kane wins face-off versus Artem Anisimov in Blue Jackets zone.
15:39 of 3rd period - Evander Kane is hit by Brandon Sutter.
15:45 of 3rd period - Shot by Alexander Ovechkin.
15:45 of 3rd period - Shot Misses the Net.
15:47 of 3rd period - Shot by Evander Kane.
15:47 of 3rd period - Shot Misses the Net.
15:49 of 3rd period - Shot by Rick Nash.
15:49 of 3rd period - Stopped by Cody Rudkowsky without a rebound.
15:50 of 3rd period - Ryan Kesler wins face-off versus Matt Read in Devils zone.
16:15 of 3rd period - Shot by Matt Read.
16:15 of 3rd period - Stopped by Cody Rudkowsky without a rebound.
16:16 of 3rd period - Auston Matthews wins face-off versus Corey Locke in Devils zone.
16:21 of 3rd period - Jarome Iginla is hit by Adam Berti and loses puck.
17:12 of 3rd period - Adam Berti is hit by Evander Kane and loses puck.
17:49 of 3rd period - Shot by Ryan Kesler.
17:49 of 3rd period - Stopped by Gerald Coleman without a rebound.
17:50 of 3rd period - Artem Anisimov wins face-off versus Derek Dorsett in Blue Jackets zone.
18:21 of 3rd period - Shot by Artem Anisimov.
18:21 of 3rd period - Stopped by Gerald Coleman without a rebound.
18:22 of 3rd period - Corey Locke wins face-off versus Ryan Kesler in Blue Jackets zone.
18:34 of 3rd period - Icing by Artemi Panarin.
18:35 of 3rd period - Evander Kane wins face-off versus Ryan Kesler in Devils zone.
18:36 of 3rd period - Shot by Alexander Ovechkin.
18:36 of 3rd period - Stopped by Cody Rudkowsky without a rebound.
18:37 of 3rd period - Ryan Kesler wins face-off versus Matt Read in Devils zone.
18:44 of 3rd period - Shot by Ryan Kesler.
18:44 of 3rd period - Shot Blocked by Andre Benoit.
19:41 of 3rd period - Zdeno Chara is hit by Micki Dupont.
Goals for this period are 1 for Blue Jackets vs 0 for Devils.
Shots for this period are 7 for Blue Jackets vs 8 for Devils.

Overtime #1


0:01 of 1st overtime period - Alexander Ovechkin wins face-off versus Ryan Kesler in neutral zone.
0:22 of 1st overtime period - Shot by Ryan Kesler.
0:22 of 1st overtime period - Shot Misses the Net.
1:04 of 1st overtime period - Off-side.
1:05 of 1st overtime period - Jarome Iginla wins face-off versus Dustin Penner in neutral zone.
1:55 of 1st overtime period - Off-side.
1:56 of 1st overtime period - Ryan Kesler wins face-off versus Alexander Ovechkin in neutral zone.
2:01 of 1st overtime period - Shot by Peter Holland.
2:01 of 1st overtime period - Stopped by Gerald Coleman without a rebound.
2:02 of 1st overtime period - Alexander Ovechkin wins face-off versus Peter Holland in Blue Jackets zone.
2:09 of 1st overtime period - Shot by Evander Kane.
2:09 of 1st overtime period - Stopped by Cody Rudkowsky without a rebound.
2:10 of 1st overtime period - Jarome Iginla wins face-off versus Ryan Kesler in Devils zone.
2:18 of 1st overtime period - Icing by Micki Dupont.
2:19 of 1st overtime period - Jarome Iginla wins face-off versus Ryan Kesler in Devils zone.
2:32 of 1st overtime period - Shot by Andre Benoit.
2:32 of 1st overtime period - Stopped by Cody Rudkowsky without a rebound.
2:33 of 1st overtime period - Ryan Kesler wins face-off versus Alexander Ovechkin in Devils zone.
2:43 of 1st overtime period - Icing by James Wisniewski.
2:44 of 1st overtime period - Dustin Penner wins face-off versus Alexander Ovechkin in Blue Jackets zone.
2:45 of 1st overtime period - Shot by Nikolai Lemtyugov.
2:45 of 1st overtime period - Shot Misses the Net.
2:57 of 1st overtime period - Shot by Rick Nash.
2:57 of 1st overtime period - Shot Misses the Net.
2:59 of 1st overtime period - Shot by Rick Nash.
2:59 of 1st overtime period - Deflect By Alexander Ovechkin.
2:59 of 1st overtime period - Shot Misses the Net.
3:01 of 1st overtime period - Shot by James Wisniewski.
3:01 of 1st overtime period - Stopped by Cody Rudkowsky without a rebound.
3:02 of 1st overtime period - Ryan Kesler wins face-off versus Jarome Iginla in Devils zone.
3:04 of 1st overtime period - Icing by Nikolai Lemtyugov.
3:05 of 1st overtime period - Ryan Kesler wins face-off versus Jarome Iginla in Devils zone.
3:05 of 1st overtime period - Ryan Kesler is hit by Jarome Iginla.
3:21 of 1st overtime period - Shot by Nikolai Lemtyugov.
3:21 of 1st overtime period - Stopped by Gerald Coleman without a rebound.
3:22 of 1st overtime period - Ryan Kesler wins face-off versus Alexander Ovechkin in Blue Jackets zone.
3:45 of 1st overtime period - Shot by Micki Dupont.
3:45 of 1st overtime period - Stopped by Gerald Coleman without a rebound.
3:46 of 1st overtime period - Dustin Penner wins face-off versus Jarome Iginla in Blue Jackets zone.
3:59 of 1st overtime period - Shot by Nikolai Lemtyugov.
3:59 of 1st overtime period - Stopped by Gerald Coleman without a rebound.
4:00 of 1st overtime period - Ryan Kesler wins face-off versus Jarome Iginla in Blue Jackets zone.
4:08 of 1st overtime period - Shot by Micki Dupont.
4:08 of 1st overtime period - Stopped by Gerald Coleman with a rebound.
4:16 of 1st overtime period - Shot by Nikolai Lemtyugov.
4:16 of 1st overtime period - Shot Misses the Net.
4:18 of 1st overtime period - Shot by Ryan Kesler.
4:18 of 1st overtime period - Shot Misses the Net.
4:30 of 1st overtime period - Shot by Ryan Kesler.
4:30 of 1st overtime period - Shot Blocked by Jarome Iginla.
4:32 of 1st overtime period - Shot by Ryan Kesler.
4:32 of 1st overtime period - Deflect By Nikolai Lemtyugov.
4:32 of 1st overtime period - Stopped by Gerald Coleman without a rebound.
4:33 of 1st overtime period - Ryan Kesler wins face-off versus Rick Nash in Blue Jackets zone.
4:40 of 1st overtime period - Shot by Ryan Kesler.
4:40 of 1st overtime period - Stopped by Gerald Coleman without a rebound.
4:41 of 1st overtime period - Alexander Ovechkin wins face-off versus Dustin Penner in Blue Jackets zone.
Goals for this period are 0 for Blue Jackets vs 0 for Devils.
Shots for this period are 3 for Blue Jackets vs 7 for Devils.

ShootOut


5:00 of 1st overtime period - Penalty Shot by Jarome Iginla for Blue Jackets.
5:00 of 1st overtime period - Shot Misses the Net.
5:00 of 1st overtime period - Penalty Shot by Adam Berti for Devils.
5:00 of 1st overtime period - Shot Misses the Net.
5:00 of 1st overtime period - Penalty Shot by Alexander Ovechkin for Blue Jackets.
5:00 of 1st overtime period - Stopped by Cody Rudkowsky.
5:00 of 1st overtime period - Penalty Shot by Nikolai Lemtyugov for Devils.
5:00 of 1st overtime period - Stopped by Gerald Coleman.
5:00 of 1st overtime period - Penalty Shot by Rick Nash for Blue Jackets.
5:00 of 1st overtime period - Goal by Rick Nash.
5:00 of 1st overtime period - Penalty Shot by Antoine Vermette for Devils.
5:00 of 1st overtime period - Goal by Antoine Vermette.
5:00 of 1st overtime period - Penalty Shot by Evander Kane for Blue Jackets.
5:00 of 1st overtime period - Goal by Evander Kane.
5:00 of 1st overtime period - Penalty Shot by Artemi Panarin for Devils.
5:00 of 1st overtime period - Shot Misses the Net.